Map: Deathaura LE

Players

Quri - Winner!

  • Race: Zerg Zerg
  • Spawn Location: 11:00

A.I. 1 (Very Easy)

  • Race: Protoss Protoss
  • Spawn Location: 5:00

VOD

Have the link to the VOD?

Description

Time

  • Played on: June 15, 2020, 8:40 a.m.
  • Length: 10:17
Show
View Real Time Build Order
Export as new Build Order

Quri Zerg - Winner!

Build Orders: Hatch First 

Get SALT Encoding   

  12  0:01  Drone  
  13  0:10  Drone  
  14  0:15  Extractor  
  14  0:16  Drone  
  15  0:37  Hatchery  
  15  0:41  Extractor  
  13  0:43  Drone  
  13  0:49  Overlord  
  15  1:05  Spawning Pool  
  15  1:08  Drone  
  15  1:11  Drone  
  15  1:16  Extractor, Drone  
  16  1:20  Drone  
  17  1:41  Drone  
  17  1:42  Drone  
  19  1:55  Queen x2  
  19  1:57  Zergling x2  
  19  1:59  Drone  
  25  2:07  Drone x2  
  27  2:16  Drone  
  28  2:27  Overlord  
  28  2:31  Hatchery  
  28  2:35  Pneumatized Carapace  
  27  2:38  Drone  
  28  2:45  Queen  
  28  2:49  Overlord  
  30  2:53  Drone  
  30  2:54  Drone  
  30  2:57  Zergling x2  
  33  2:59  Drone  
  33  3:03  Drone  
  35  3:07  Drone  
  35  3:08  Drone x2  
  38  3:16  Overlord  
  38  3:18  Metabolic Boost  
  38  3:21  Drone x2  
  40  3:32  Zergling x6  
  43  3:39  Overlord  
  43  3:43  Drone x4  
  49  3:53  Drone x2  
  49  3:54  Overlord  
  49  4:00  Evolution Chamber  
  49  4:02  Zergling x4  
  50  4:03  Drone x2  
  50  4:08  Spore Crawler  
  50  4:09  Spore Crawler  
  51  4:10  Drone x4  
  54  4:17  Drone x4  
  58  4:28  Zerg Melee Weapons Level 1  
  58  4:32  Drone x5  
  58  4:37  Drone x4  
  67  4:39  Overlord  
  67  4:43  Lair  
  67  4:49  Extractor  
  67  4:50  Extractor  
  65  4:57  Drone x2  
  65  4:58  Drone  
  65  4:59  Drone x3  
  71  5:03  Zergling x6  
  71  5:04  Roach Warren  
  71  5:05  Drone x4  
  77  5:15  Zergling x4  
  77  5:16  Zergling x2  
  77  5:18  Overlord  
  80  5:22  Overlord  
  80  5:26  Zergling x4  
  82  5:38  Drone  
  82  5:39  Drone  
  84  5:42  Glial Reconstitution  
  84  5:44  Roach x7  
  84  5:46  Hatchery  
  84  5:49  Extractor x2  
  95  5:54  Baneling Nest  
  94  6:01  Evolution Chamber, Roach x2  
  94  6:03  Overlord x2  
  94  6:04  Overlord x2  
  97  6:09  Drone  
  98  6:17  Overlord x3  
  98  6:45  Drone x3  
  101  6:50  Roach x12  
  101  6:53  Roach x2  
  129  6:57  Zerg Missile Weapons Level 1  
  129  6:58  Zerg Melee Weapons Level 2  
  129  7:01  Infestation Pit  
  129  7:05  Baneling x4  
  128  7:08  Drone x2  
  128  7:09  Drone x3  
  128  7:11  Drone x3  
  136  7:18  Roach x4  
  136  7:22  Overlord x3  
  144  7:33  Roach x6  
  156  7:39  Baneling x4  
  154  7:45  Baneling x8  
  154  7:53  Extractor  
  154  7:55  Centrifical Hooks  
  153  8:05  Drone  
  154  8:06  Extractor, Drone x6  
  154  8:07  Extractor  
  154  8:09  Zergling x22  
  154  8:10  Zergling x4  
  169  8:30  Overlord x4  
  169  8:32  Roach x3  
  175  8:40  Overlord x3  
  175  8:44  Hive  
  175  8:48  Queen  
  175  8:50  Spire  
  176  9:08  Zergling x8, Roach x8  
  176  9:09  Zergling x2  
  197  9:22  Drone  
  197  9:23  Drone  
  197  9:37  Roach  
Show
View Real Time Build Order
Export as new Build Order

A.I. 1 (Very Easy) Protoss 

Build Orders:  

Get SALT Encoding   

  12  0:00  Probe  
  13  0:13  Probe  
  14  0:20  Pylon  
  14  0:36  Assimilator  
  14  0:42  Gateway  
  14  0:46  Pylon  
  14  1:14  Assimilator  
  14  1:22  Zealot  
  14  1:23  Probe  
  14  1:31  Probe  
  17  1:34  Cybernetics Core  
  18  1:41  Probe  
  19  1:53  Probe  
  20  2:00  Warp Gate  
  20  2:02  Probe  
  21  2:10  Probe  
  22  2:36  Stalker  
  24  5:56  Probe  
  24  6:56  Probe  
  25  7:01  Adept  
  25  7:03  Pylon  
  25  7:04  Probe  
  25  7:05  Robotics Facility  
  25  7:07  Nexus  
  27  7:14  Probe  
  28  7:23  Probe  
  25  7:52  Observer  
  26  7:59  Stalker  
  28  8:09  Probe  
  28  8:11  Observer  
  29  8:20  Probe  
  25  8:27  Probe  
  25  8:28  Assimilator  
  25  8:31  Assimilator  
  26  8:34  Probe  
  27  8:41  Probe  
  28  8:48  Probe  
  29  8:55  Probe  
  29  8:57  Zealot  
  32  9:03  Probe  
  33  9:10  Probe  
  33  9:15  Probe  
  34  9:23  Probe  
  35  9:28  Probe  
  32  9:35  Probe  
Tags
 
Matchup
PvZ
Spawn Locations
Cross Positions
Add a new tag
Caveats
  • Supply blocks, unpowered buildings, or Contaminate may cause inaccurate times.
  • Supply counts are checked every 10 seconds.